 Dungeon Crawl Stone Soup version 0.29.0-4-gdea44cf6ec (webtiles) character file.

Game seed: 3252221566131679671

44 qw the Chopper (level 3, 0/21 HPs)
             Began as a Tengu Warper on Aug 28, 2022.
             Slain by a gnoll
             ... wielding a +0 halberd of venom
              (2 damage)
             ... on level 2 of the Dungeon.
             The game lasted 00:00:06 (1256 turns).

qw the Chopper (Tengu Warper)                       Turns: 1256, Time: 00:00:07

Health: 0/21       AC:  8    Str: 13    XL:     3   Next: 62%
Magic:  7/7        EV:  3    Int: 13    God:
Gold:   66         SH:  5    Dex: 13    Spells: 6/6 levels left

rFire   . . .      SeeInvis .   Y - +0 hand axe
rCold   . . .      Faith    .   (no shield)
rNeg    . . .      Spirit   .   h - +0 chain mail
rPois   .          Reflect  +   (helmet restricted)
rElec   .          Harm     .   (no cloak)
rCorr   .          Rampage  .   (no gloves)
Will    .....                   (boots unavailable)
Stlth   ..........              f - amulet of reflection
HPRegen 0.07/turn               (no ring)
MPRegen 0.10/turn               (no ring)

@: lethally poisoned (0 -> -17), constricted
A: beak, talons 3
a: no special abilities


You were on level 2 of the Dungeon.
You visited 1 branch of the dungeon, and saw 2 of its levels.

You collected 66 gold pieces.


Innate Abilities, Weirdness & Mutations

You have a beak for a mouth.
You have claws for feet.


   Skills:
 - Level 2.0 Fighting
 + Level 4.3 Axes
 - Level 1.0 Throwing
 - Level 1.1 Armour
 - Level 2.1 Dodging
 - Level 2.0 Spellcasting
 - Level 2.4 Translocations


You had 6 spell levels left.
You didn't know any spells.
Your spell library contained the following spells:

 Spells                   Type           Power      Damage    Failure   Level
 Blink                    Tloc           14%        N/A       99%         2
 Gell's Gravitas          Tloc           7%         N/A       100%        3
 Lesser Beckoning         Tloc           7%         N/A       100%        3
 Teleport Other           Tloc           7%         N/A       100%        3
 Manifold Assault         Tloc           7%         N/A       100%        5

Inventory:

Hand Weapons
 d - a +1 flail of holy wrath
 Y - a +0 hand axe (weapon)
Armour
 h - a +0 chain mail (worn)
Jewellery
 f - an amulet of reflection (around neck)
Potions
 a - a potion of invisibility {unknown}
 j - a potion of might {unknown}

Dungeon Overview and Level Annotations

Branches:
Dungeon (2/15)

Altars:


Message History

a - a sedimented grey potion An adder comes into view.
The adder hisses angrily.
You closely miss the adder. You claw the adder.
The adder is heavily wounded.
The adder bites you but does no damage. x2
You hit the adder.
You kill the adder!
A gnoll comes into view. It is wielding a +0 halberd of venom.
A gnoll comes into view. It is wielding a +0 halberd.
1251 ||| Stepping ~*~*~tactically~*~*~ (stealth).
The gnoll shouts! x2
Found a stone staircase leading down.
The gnoll hits you from afar with a +0 halberd of venom.
You are lethally poisoned!
The gnoll throws a throwing net.
You reflect the throwing net off an invisible shield around you!
The throwing net barely misses the gnoll.
You feel very sick. The gnoll hits you with a +0 halberd!
The gnoll barely misses you. The ball python bites you.
The ball python grabs you. The ball python constricts you.
1255 ||| DRINKING potion of heal wounds.
You feel much better.
You feel very sick.
The gnoll hits you with a +0 halberd of venom!
The gnoll completely misses you.
The ball python bites you but does no damage.
The ball python constricts you.
You hit the ball python but do no damage.
You claw the ball python.
The ball python is severely wounded.
You hit the gnoll but do no damage. You barely miss the gnoll.
You feel sick.
The gnoll hits you with a +0 halberd of venom.
You are more poisoned.
You block the gnoll's attack. You block the ball python's attack.
The ball python constricts you.
The gnoll hits you with a +0 halberd of venom.
You die...

........%)...#.....
####...............
########........
#........
########........
................
########........
......##....####
#..@........
##ggS.......
............
.............#
#>.............
...............#
##..(..........#
#....#########


You could see 2 gnolls and a ball python.

Vanquished Creatures
  A gnoll (D:2)
  An adder (D:2)
  2 dart slugs (D:1)
  2 giant cockroaches (D:1)
  3 goblins (D:1)
  3 hobgoblins
  A quokka (D:1)
  3 ball pythons (D:1)
  2 frilled lizards
  2 kobolds (D:1)
  4 rats
24 creatures vanquished.

Notes
Turn   | Place    | Note
-------+----------+-------------------------------------------
     0 | D:1      | qw the Tengu Warper began the quest for the Orb.
     0 | D:1      | Reached XP level 1. HP: 12/12 MP: 4/4
     0 | D:1      | 0 ||| qw: Version: 0.1-a-89-g26bdef1
     0 | D:1      | 0 ||| qw: Game counter: 2901
     0 | D:1      | 0 ||| qw: Always use a shield: true
     0 | D:1      | 0 ||| qw: God list: Okawaru
     0 | D:1      | 0 ||| qw: Allow faded altars: false
     0 | D:1      | 0 ||| qw: Do Orc after D:15 true
     0 | D:1      | 0 ||| qw: Do second Lair branch before Depths: true
     0 | D:1      | 0 ||| qw: Lair rune preference: random
     0 | D:1      | 0 ||| qw: Plans: Normal
     0 | D:1      | 0 ||| PLANNING D:1-11
    84 | D:1      | Found a faded altar of an unknown god.
   229 | D:1      | Reached skill level 3 in Axes
   229 | D:1      | Reached XP level 2. HP: 15/17 MP: 6/6
   748 | D:1      | 748 ||| DROPPING +0 whip.
  1093 | D:1      | 1093 ||| UPGRADING to +0 chain mail.
  1103 | D:1      | 1103 ||| DROPPING +0 leather armour.
  1104 | D:1      | 1104 ||| UPGRADING to amulet of reflection.
  1109 | D:1      | 1109 ||| READING scroll labelled HAGGIA GYZOAR.
  1110 | D:1      | 1110 ||| READING scroll labelled EDWOTRY BEFRUS.
  1111 | D:1      | 1111 ||| DRINKING 2 fuming golden potions.
  1112 | D:1      | 1112 ||| DROPPING scroll of blinking.
  1216 | D:2      | Reached XP level 3. HP: 21/21 MP: 7/7
  1224 | D:2      | 1224 ||| Stepping ~*~*~tactically~*~*~ (stealth).
  1229 | D:2      | Reached skill level 4 in Axes
  1251 | D:2      | 1251 ||| Stepping ~*~*~tactically~*~*~ (stealth).
  1254 | D:2      | HP: 3/21 [gnoll/+0 halberd (9)]
  1254 | D:2      | HP: 1/21 [ball python (2)]
  1255 | D:2      | 1255 ||| DRINKING potion of heal wounds.
  1256 | D:2      | Slain by a gnoll

Levels and vault maps discovered:
D:1:      dpeg_arrival_round_a, layout_loops_ring,
          shapermc_ecumenical_altar_mp_highgroup, roderic_roman_lattice,
          minmay_split_cup_small
D:2:      layout_rooms, kennysheep_path_1, minmay_diced_spiral, uniq_sigmund,
          uniq_jessica

Skill      XL: |  1  2  3 |
---------------+----------+-----
Axes           | 3 4 |  4.3
Fighting       | |  2.0
Throwing       | |  1.0
Armour         | |  1.1
Dodging        | |  2.1
Spellcasting   | |  2.0
Translocations | |  2.4

Action                   || total
-------------------------++-------
Melee: Hand axe          ||    52
       Kick              ||    12
       Peck              ||     4
Throw: Boomerang         ||     7
  Use: Scroll            ||     2
       Potion            ||     2
 Stab: Sleeping          ||     1
Armor: Leather armour    ||     7
       Chain mail        ||     4
Dodge: Dodged            ||    17
Block: Other             ||     5
       Reflection        ||     1

Table legend:
 A = Non-vault XP
 B = Vault XP
 C = Vault XP percentage of total XP
 D = Non-vault monster count
 E = Vault monster count
 F = Vault count percentage of total count
                 A         B        C        D         E       F
            +---------+---------+-------+---------+---------+-------
      Total |      61 |       3 |   4.7 |      21 |       3 |  12.5
            +---------+---------+-------+---------+---------+-------
        D:1 |      30 |       3 |   9.1 |      16 |       3 |  15.8
        D:2 |      31 |       0 |   0.0 |       5 |       0 |   0.0
            +---------+---------+-------+---------+---------+-------
